Monarchs vs Patriotes
Created - 2 février 2016 at 19:49
Goals
|
| Monarchs |
1 |
4 |
0 |
1 |
6 |
| Patriotes |
1 |
3 |
1 |
0 |
5 |
|
Shots
|
| Monarchs |
7 |
14 |
10 |
2 |
33 |
| Patriotes |
10 |
14 |
8 |
0 |
32 |
|
1st period
1. Patriotes , Dwight King 11 (Andrew Gordon) at 10:17 (PP)
2. Monarchs , Mikael Backlund 18 (Kyle Clifford, John Zeiler) at 14:58 (PP)
Penalties :
Kyle Palmieri (MAN) for Interference (Minor) at 1:43, Kyle Clifford (MAN) for Roughing (Minor) at 9:33, Ryan White (Nyc) for Interference (Minor) at 14:21, Kyle Palmieri (MAN) for Tripping (Minor) at 17:06
2nd period
3. Monarchs , John Mitchell 8 (Craig Cunningham) at 4:47
4. Patriotes , Zenon Konopka 13 (Andrew Gordon, Andreas Nodl) at 6:31
5. Patriotes , Zenon Konopka 14 (Ryan Wilson, Fedor Fedorov) at 12:23
6. Monarchs , Alec Martinez 5 (Mikael Backlund, John Zeiler) at 12:56
7. Monarchs , Craig Cunningham 2 (Kyle Palmieri, Mason Raymond) at 17:43
8. Patriotes , Andreas Nodl 32 (Christian Hanson) at 17:51
9. Monarchs , Mikael Backlund 19 (Andy Greene) at 19:35
Penalties :
No Penalty
3rd period
10. Patriotes , Andreas Nodl 33 (Fedor Fedorov, Christian Hanson) at 6:13 (PP)
Penalties :
Derek Peltier (MAN) for Goalie Interference (Minor) at 5:57, Zac Rinaldo (MAN) for Hooking (Minor) at 12:02
Overtime #1
11. Monarchs , Andy Greene 3 (Randy Robitaille) at 0:23
Penalties :
No Penalty
Goalie Stats
Richard Bachman (MAN), 27 saves from 32 shots - (0,844), W, 15-13-1, 60:23 minutes
Marek Schwarz (Nyc), 27 saves from 33 shots - (0,818), OTL, 17-17-6, 60:23 minutes
Players Stats for Monarchs
Player Name G A P +/- PIM S H SB GA TA FO MP PP MP PK MP
------------------------------------------------------------------------------------
Alec Martinez 1 0 1 2 0 4 0 2 0 0 0/0 20:34 0:10 2:49
Andrej Meszaros 0 0 0 1 0 4 0 3 0 0 0/0 22:50 0:27 4:08
Andy Greene 1 1 2 1 0 2 2 0 1 1 0/0 26:29 0:27 4:08
Craig Cunningham 1 1 2 2 0 2 0 0 0 0 0/0 12:53 0:00 0:00
Derek Peltier 0 0 0 -1 2 0 0 1 0 1 0/0 12:44 0:00 0:00
John Mitchell 1 0 1 2 0 3 1 0 2 0 3/3 13:40 0:00 0:08
John Zeiler 0 2 2 0 0 5 2 1 2 0 0/1 17:38 0:15 0:00
Justin Williams 0 0 0 0 0 0 1 0 0 0 4/10 23:42 0:22 4:08
Kyle Clifford 0 1 1 0 2 1 5 0 0 0 0/2 18:34 0:15 0:31
Kyle Palmieri 0 1 1 2 4 2 1 1 0 1 1/1 14:04 0:00 0:00
Marc Methot 0 0 0 -1 0 1 0 1 0 0 0/0 13:20 0:00 0:00
Marek Zagrapan 0 0 0 -1 0 1 0 0 0 0 0/0 7:33 0:00 0:54
Mason Raymond 0 1 1 0 0 2 2 0 0 2 0/0 18:46 0:22 2:06
Matt Tennyson 0 0 0 0 0 0 0 0 0 0 0/0 4:14 0:00 0:00
Mikael Backlund 2 1 3 0 0 4 1 0 0 1 5/9 19:45 0:15 2:06
Randy Robitaille 0 1 1 0 0 0 0 0 0 1 11/25 23:04 0:22 4:01
Theo Peckham 0 0 0 2 0 2 0 5 1 0 0/0 20:34 0:10 2:49
Zac Rinaldo 0 0 0 0 2 0 0 0 0 0 0/0 4:06 0:00 0:00
Players Stats for Patriotes
Player Name G A P +/- PIM S H SB GA TA FO MP PP MP PK MP
------------------------------------------------------------------------------------
A.J Thelen 0 0 0 -2 0 1 2 3 3 1 0/0 25:48 3:42 0:37
Andreas Nodl 2 1 3 -1 0 3 4 0 1 0 3/3 23:05 4:11 0:37
Andrew Gordon 0 2 2 -1 0 3 2 0 0 1 1/1 18:22 2:46 0:37
Anthony Bitetto 0 0 0 1 0 0 0 0 0 1 0/0 5:20 0:00 0:00
Austin Watson 0 0 0 0 0 0 0 0 0 0 0/0 0:00 0:00 0:00
Brett Skinner 0 0 0 -1 0 1 0 1 0 0 0/0 18:05 2:52 0:00
Christian Hanson 0 2 2 0 0 3 0 1 1 0 12/29 21:49 4:03 0:00
Dale Weise 0 0 0 0 0 0 3 0 0 0 0/0 8:36 0:00 0:00
Dwight King 1 0 1 0 0 2 6 1 0 0 0/1 17:15 2:46 0:00
Fedor Fedorov 0 2 2 0 0 3 1 0 0 0 3/4 21:51 4:03 0:00
Jared Knight 0 0 0 0 0 0 0 0 0 0 0/0 0:24 0:00 0:00
Joakim Andersson 0 0 0 0 0 0 0 0 0 0 0/0 0:33 0:08 0:00
Joe Charlebois 0 0 0 0 0 0 0 1 0 0 0/0 11:10 0:23 0:00
Jordan Samuels-Thomas 0 0 0 0 0 1 0 1 0 0 1/1 8:36 0:00 0:00
Matt Calvert 0 0 0 -1 0 2 0 0 0 0 0/0 11:03 0:00 0:00
Melker Karlsson 0 0 0 0 0 3 0 0 1 0 0/1 8:36 0:00 0:00
Nigel Williams 0 0 0 1 0 0 0 0 0 0 0/0 5:20 0:00 0:00
Ryan Spooner 0 0 0 0 0 0 0 0 0 0 0/0 0:38 0:08 0:00
Ryan White 0 0 0 -1 2 2 0 0 0 0 1/2 11:02 0:00 0:00
Ryan Wilson 0 1 1 -1 0 2 0 1 0 0 0/0 18:05 2:52 0:00
Stephen Johns 0 0 0 0 0 0 0 0 0 0 0/0 0:40 0:23 0:00
Timothy Kunes 0 0 0 0 0 0 0 0 0 1 0/0 10:30 0:00 0:00
Tyler Myers 0 0 0 -2 0 2 4 2 1 1 0/0 25:48 3:42 0:37
Zack Stortini 0 0 0 -1 0 0 0 0 0 0 0/0 11:03 0:00 0:00
Zenon Konopka 2 0 2 0 0 4 1 0 0 1 6/9 17:15 2:46 0:00
3 Stars
1 - Andreas Nodl (Nyc)
2 - Mikael Backlund (MAN)
3 - Zenon Konopka (Nyc)
Power Play
Monarchs - 1 on 1 Attempt(s) - 100,00%
Patriotes - 2 on 5 Attempt(s) - 40,00%
Penalty Kill
Monarchs - 3 on 5 Attempt(s) - 60,00%
- Score 0 goal in Penalty Kill
Patriotes - 0 on 1 Attempt(s) - 0,00%
- Score 0 goal in Penalty Kill
Team Stat
Monarchs - Hits : 15 - Faceoff Wins : 24 - Blocked Shots : 14 - Penalty Minutes : 10
Patriotes - Hits : 23 - Faceoff Wins : 27 - Blocked Shots : 11 - Penalty Minutes : 2
Official
Referees : Pollock Kevin and Sutherland Kelly
Linesman : Brad Kovachik and Bryan Pancich
Game Notes
No Game Note
Finance
Level 1 -- Attendance: 1464 (73,20%) -- Ticket Income 51 240 $
Level 2 -- Attendance: 675 (67,50%) -- Ticket Income 10 125 $
Total Attendance: 2139 (71,30%)
Total Ticket Income: 61 365 $
Other Income: 3 068 $
Total Income: 64 433 $
Monarchs
5 vs 5 Forward
Center Left Wing Right Wing Time % Phy DF OF
1 Randy Robitaille Mason Raymond Justin Williams 40 1 2 2
2 Mikael Backlund Kyle Clifford John Zeiler 30 1 2 2
3 John Mitchell Craig Cunningham Kyle Palmieri 20 1 2 2
4 Marek Zagrapan Justin Williams Randy Robitaille 10 1 2 2
5 vs 5 Defense
Defense Defense Time % Phy DF OF
1 Andy Greene Andrej Meszaros 40 1 2 2
2 Theo Peckham Alec Martinez 30 1 2 2
3 Marc Methot Derek Peltier 20 1 2 2
4 Matt Tennyson Andy Greene 10 1 2 2
PowerPlay Forward
Center Left Wing Right Wing Time % Phy DF OF
1 Randy Robitaille Mason Raymond Justin Williams 60 1 2 2
2 Mikael Backlund Kyle Clifford John Zeiler 40 1 2 2
PowerPlay Defense
Defense Defense Time % Phy DF OF
1 Andy Greene Andrej Meszaros 60 1 2 2
2 Theo Peckham Alec Martinez 40 1 2 2
Penalty Kill 4 Players Forward
Center Wing Time % Phy DF OF
1 Justin Williams Randy Robitaille 60 1 2 2
2 Mason Raymond Mikael Backlund 40 1 2 2
Penalty Kill 4 Players Defense
Defense Defense Time % Phy DF OF
1 Andy Greene Andrej Meszaros 60 1 2 2
2 Theo Peckham Alec Martinez 40 1 2 2
Penalty Kill - 3 Players Forward
Forward Time % Phy DF OF
1 Justin Williams 60 1 2 2
2 Randy Robitaille 40 1 2 2
Penalty Kill - 3 Players Defense
Defense Defense Time % Phy DF OF
1 Andy Greene Andrej Meszaros 60 1 2 2
2 Theo Peckham Alec Martinez 40 1 2 2
4 vs 4 Forward
Center Wing Time % Phy DF OF
1 Justin Williams Randy Robitaille 60 1 2 2
2 Mason Raymond Mikael Backlund 40 1 2 2
4 vs 4 Defense
Defense Defense Time % Phy DF OF
1 Andy Greene Andrej Meszaros 60 1 2 2
2 Theo Peckham Alec Martinez 40 1 2 2
Last Minutes Offensive
Center Left Wing Right Wing Defense Defense
Randy Robitaille Mason Raymond Justin Williams Andy Greene Andrej Meszaros
Last Minutes Defensive
Center Left Wing Right Wing Defense Defense
Randy Robitaille Mason Raymond Justin Williams Andy Greene Andrej Meszaros
Goaltenders
Starting : Richard Bachman
Backup : Sami Aittokallio
Extra Forwards
Normal : Zac Rinaldo, John Mitchell, Marek Zagrapan - PP : Zac Rinaldo, John Mitchell - PK : Marek Zagrapan
Extra Defensemen
Normal : Marc Methot, Derek Peltier, Matt Tennyson - PP : Marc Methot - PK : Derek Peltier, Matt Tennyson
Penalty Shots
Justin Williams, Randy Robitaille, Mason Raymond, Mikael Backlund, John Mitchell
Patriotes
5 vs 5 Forward
Center Left Wing Right Wing Time % Phy DF OF
1 Christian Hanson Fedor Fedorov Andreas Nodl 40 1 2 2
2 Zenon Konopka Dwight King Andrew Gordon 30 1 2 2
3 Ryan White Matt Calvert Zack Stortini 20 1 2 2
4 Melker Karlsson Jordan Samuels-Thomas Dale Weise 10 1 2 2
5 vs 5 Defense
Defense Defense Time % Phy DF OF
1 Tyler Myers A.J Thelen 40 1 2 2
2 Brett Skinner Ryan Wilson 30 1 2 2
3 Joe Charlebois Timothy Kunes 20 1 2 2
4 Nigel Williams Anthony Bitetto 10 1 2 2
PowerPlay Forward
Center Left Wing Right Wing Time % Phy DF OF
1 Christian Hanson Fedor Fedorov Andreas Nodl 60 1 2 2
2 Zenon Konopka Dwight King Andrew Gordon 40 1 2 2
PowerPlay Defense
Defense Defense Time % Phy DF OF
1 Tyler Myers A.J Thelen 60 1 2 2
2 Brett Skinner Ryan Wilson 40 1 2 2
Penalty Kill 4 Players Forward
Center Wing Time % Phy DF OF
1 Andreas Nodl Andrew Gordon 60 1 2 2
2 Fedor Fedorov Christian Hanson 40 1 2 2
Penalty Kill 4 Players Defense
Defense Defense Time % Phy DF OF
1 Tyler Myers A.J Thelen 60 1 2 2
2 Brett Skinner Ryan Wilson 40 1 2 2
Penalty Kill - 3 Players Forward
Forward Time % Phy DF OF
1 Andreas Nodl 60 1 2 2
2 Andrew Gordon 40 1 2 2
Penalty Kill - 3 Players Defense
Defense Defense Time % Phy DF OF
1 Tyler Myers A.J Thelen 60 1 2 2
2 Brett Skinner Ryan Wilson 40 1 2 2
4 vs 4 Forward
Center Wing Time % Phy DF OF
1 Andreas Nodl Andrew Gordon 60 1 2 2
2 Fedor Fedorov Christian Hanson 40 1 2 2
4 vs 4 Defense
Defense Defense Time % Phy DF OF
1 Tyler Myers A.J Thelen 60 1 2 2
2 Brett Skinner Ryan Wilson 40 1 2 2
Last Minutes Offensive
Center Left Wing Right Wing Defense Defense
Christian Hanson Fedor Fedorov Andreas Nodl Tyler Myers A.J Thelen
Last Minutes Defensive
Center Left Wing Right Wing Defense Defense
Christian Hanson Fedor Fedorov Andreas Nodl Tyler Myers A.J Thelen
Goaltenders
Starting : Marek Schwarz
Backup : Jason Missiaen
Extra Forwards
Normal : Joakim Andersson, Ryan Spooner, Jared Knight - PP : Joakim Andersson, Ryan Spooner - PK : Jared Knight
Extra Defensemen
Normal : Stephen Johns, Joe Charlebois, Timothy Kunes - PP : Stephen Johns - PK : Joe Charlebois, Timothy Kunes
Penalty Shots
Andreas Nodl, Andrew Gordon, Fedor Fedorov, Christian Hanson, Zenon Konopka
% Time on Ice - Monarchs
Lines # - Real PCT - Wanted PCT - Time Play
Normal Forward
1 - 33% - 40% - 17:21
2 - 34% - 30% - 17:41
3 - 24% - 20% - 12:43
4 - 9% - 10% - 4:41
Normal Defense
1 - 34% - 40% - 17:52
2 - 34% - 30% - 17:35
3 - 24% - 20% - 12:45
4 - 8% - 10% - 4:14
PP Forward
1 - 59% - 60% - 0:22
2 - 41% - 40% - 0:15
PP Defense
1 - 73% - 60% - 0:27
2 - 27% - 40% - 0:10
PK Forward
1 - 70% - 60% - 4:51
2 - 30% - 40% - 2:06
PK Defense
1 - 59% - 60% - 4:08
2 - 41% - 40% - 2:49
PK3 Forward
1 - 0% - 60%
2 - 0% - 40%
PK3 Defense
1 - 0% - 60%
2 - 0% - 40%
44 Forward
1 - 100% - 60% - 0:23
2 - 0% - 40% - 0:00
44 Defense
1 - 100% - 60% - 0:23
2 - 0% - 40% - 0:00
Last Minute Offensive - 0:00
Last Minute Defensive - 0:00
Total
Forward - 60:23
Defense - 60:23
|
% Time on Ice - Patriotes
Lines # - Real PCT - Wanted PCT - Time Play
Normal Forward
1 - 35% - 40% - 18:18
2 - 28% - 30% - 14:29
3 - 21% - 20% - 11:03
4 - 16% - 10% - 8:36
Normal Defense
1 - 41% - 40% - 21:23
2 - 29% - 30% - 15:13
3 - 20% - 20% - 10:30
4 - 10% - 10% - 5:20
PP Forward
1 - 60% - 60% - 4:11
2 - 40% - 40% - 2:46
PP Defense
1 - 59% - 60% - 4:05
2 - 41% - 40% - 2:52
PK Forward
1 - 100% - 60% - 0:37
2 - 0% - 40% - 0:00
PK Defense
1 - 100% - 60% - 0:37
2 - 0% - 40% - 0:00
PK3 Forward
1 - 0% - 60%
2 - 0% - 40%
PK3 Defense
1 - 0% - 60%
2 - 0% - 40%
44 Forward
1 - 100% - 60% - 0:23
2 - 0% - 40% - 0:00
44 Defense
1 - 100% - 60% - 0:23
2 - 0% - 40% - 0:00
Last Minute Offensive - 0:00
Last Minute Defensive - 0:00
Total
Forward - 60:23
Defense - 60:23
|
Play by Play
1st period
0:01 of 1st period - Christian Hanson wins face-off versus Randy Robitaille in neutral zone.
0:04 of 1st period - Andy Greene is hit by Tyler Myers and loses puck.
0:27 of 1st period - Mikael Backlund is hit by Dwight King and loses puck.
0:44 of 1st period - Snap shot by Dwight King.
0:44 of 1st period - Stopped by Richard Bachman with a rebound.
0:46 of 1st period - Slapshot by Brett Skinner.
0:46 of 1st period - Stopped by Richard Bachman with a rebound.
0:48 of 1st period - Slapshot by Ryan Wilson.
0:48 of 1st period - Deflect By Matt Calvert.
0:48 of 1st period - Stopped by Richard Bachman with a rebound.
0:50 of 1st period - Snap shot by Ryan Wilson.
0:50 of 1st period - Stopped by Richard Bachman with a rebound.
0:52 of 1st period - Slapshot by Ryan Wilson.
0:52 of 1st period - Shot Blocked by Theo Peckham.
1:43 of 1st period - Minor Penalty to Kyle Palmieri for Interference.
1:44 of 1st period - Christian Hanson wins face-off versus Justin Williams in Monarchs zone.
1:50 of 1st period - Snap shot by Christian Hanson.
1:50 of 1st period - Stopped by Richard Bachman without a rebound.
1:51 of 1st period - Justin Williams wins face-off versus Christian Hanson in Monarchs zone.
2:00 of 1st period - Andy Greene is hit by Tyler Myers and loses puck.
3:43 of 1st period - Penalty to Kyle Palmieri is over, Kyle Palmieri is back on ice.
3:58 of 1st period - Snap shot by John Mitchell.
3:58 of 1st period - Shot Misses the Net.
6:22 of 1st period - Snap shot by Melker Karlsson.
6:22 of 1st period - Stopped by Richard Bachman with a rebound.
6:57 of 1st period - Kyle Palmieri is hit by Dale Weise and loses puck.
7:24 of 1st period - Snap shot by Christian Hanson.
7:24 of 1st period - Stopped by Richard Bachman without a rebound.
7:25 of 1st period - Mikael Backlund wins face-off versus Christian Hanson in Monarchs zone.
9:24 of 1st period - Off-side.
9:25 of 1st period - Mikael Backlund wins face-off versus Christian Hanson in neutral zone.
9:33 of 1st period - Minor Penalty to Kyle Clifford for Roughing.
9:34 of 1st period - Justin Williams wins face-off versus Christian Hanson in Monarchs zone.
9:46 of 1st period - Slapshot by Fedor Fedorov.
9:46 of 1st period - Stopped by Richard Bachman without a rebound.
9:47 of 1st period - Christian Hanson wins face-off versus Justin Williams in Monarchs zone.
10:12 of 1st period - Justin Williams is hit by Andrew Gordon and loses puck.
10:17 of 1st period - Snap shot by Dwight King.
10:17 of 1st period - Goal by Dwight King - Monarchs : 0 - Patriotes : 1.
10:18 of 1st period - Fedor Fedorov wins face-off versus Randy Robitaille in neutral zone.
10:21 of 1st period - Andrej Meszaros is hit by Andreas Nodl and loses puck.
10:47 of 1st period - Snap shot by Kyle Palmieri.
10:47 of 1st period - Stopped by Marek Schwarz with a rebound.
10:51 of 1st period - Snap shot by Kyle Palmieri.
10:51 of 1st period - Shot Blocked by Christian Hanson.
10:53 of 1st period - Snap shot by Craig Cunningham.
10:53 of 1st period - Stopped by Marek Schwarz with a rebound.
10:55 of 1st period - Wrist shot by Derek Peltier.
10:55 of 1st period - Shot Blocked by A.J Thelen.
11:39 of 1st period - Slapshot by Randy Robitaille.
11:39 of 1st period - Shot Misses the Net.
12:17 of 1st period - Snap shot by John Zeiler.
12:17 of 1st period - Stopped by Marek Schwarz without a rebound.
12:18 of 1st period - Zenon Konopka wins face-off versus John Zeiler in Patriotes zone.
12:46 of 1st period - Off-side.
12:47 of 1st period - Randy Robitaille wins face-off versus Melker Karlsson in neutral zone.
12:50 of 1st period - Snap shot by Mason Raymond.
12:50 of 1st period - Stopped by Marek Schwarz with a rebound.
13:03 of 1st period - Randy Robitaille is hit by Dale Weise and loses puck.
13:29 of 1st period - Off-side.
13:30 of 1st period - Christian Hanson wins face-off versus Mikael Backlund in neutral zone.
13:37 of 1st period - Wrist shot by Andreas Nodl.
13:37 of 1st period - Shot Misses the Net.
13:39 of 1st period - Slapshot by Tyler Myers.
13:39 of 1st period - Shot Blocked by Andrej Meszaros.
13:57 of 1st period - Kyle Palmieri is hit by Dwight King and loses puck.
14:04 of 1st period - Wrist shot by John Mitchell.
14:04 of 1st period - Stopped by Marek Schwarz with a rebound.
14:21 of 1st period - Minor Penalty to Ryan White for Interference.
14:22 of 1st period - Andreas Nodl wins face-off versus Randy Robitaille in Patriotes zone.
14:35 of 1st period - Wrist shot by Andreas Nodl.
14:35 of 1st period - Shot Misses the Net.
14:37 of 1st period - Slapshot by Tyler Myers.
14:37 of 1st period - Shot Misses the Net.
14:47 of 1st period - Andrew Gordon is hit by Andy Greene and loses puck.
14:58 of 1st period - Wrist shot by Mikael Backlund.
14:58 of 1st period - Goal by Mikael Backlund - Monarchs : 1 - Patriotes : 1.
14:59 of 1st period - Fedor Fedorov wins face-off versus Randy Robitaille in neutral zone.
15:15 of 1st period - Icing by Fedor Fedorov.
15:16 of 1st period - Christian Hanson wins face-off versus Kyle Clifford in Patriotes zone.
15:48 of 1st period - Snap shot by Mason Raymond.
15:48 of 1st period - Stopped by Marek Schwarz with a rebound.
15:50 of 1st period - Wrist shot by Justin Williams.
15:50 of 1st period - Shot Misses the Net.
15:52 of 1st period - Snap shot by Justin Williams.
15:52 of 1st period - Shot Blocked by A.J Thelen.
16:22 of 1st period - Jordan Samuels-Thomas is hit by Kyle Clifford.
16:26 of 1st period - Melker Karlsson is hit by Kyle Clifford.
16:30 of 1st period - Kyle Clifford is hit by Tyler Myers and loses puck.
17:06 of 1st period - Minor Penalty to Kyle Palmieri for Tripping.
17:07 of 1st period - Justin Williams wins face-off versus Christian Hanson in Monarchs zone.
17:54 of 1st period - Wrist shot by Andrew Gordon.
17:54 of 1st period - Stopped by Richard Bachman without a rebound.
17:55 of 1st period - Zenon Konopka wins face-off versus Justin Williams in Monarchs zone.
19:06 of 1st period - Penalty to Kyle Palmieri is over, Kyle Palmieri is back on ice.
19:19 of 1st period - Snap shot by Kyle Palmieri.
19:19 of 1st period - Shot Hit the Post.
19:41 of 1st period - Jordan Samuels-Thomas is hit by Kyle Clifford.
19:53 of 1st period - Craig Cunningham is hit by Dwight King and loses puck.
Goals for this period are 1 for Monarchs vs 1 for Patriotes.
Shots for this period are 7 for Monarchs vs 10 for Patriotes.
2nd period
0:01 of 2nd period - Randy Robitaille wins face-off versus Christian Hanson in neutral zone.
0:26 of 2nd period - Andrej Meszaros is hit by Dwight King and loses puck.
0:59 of 2nd period - Slapshot by Tyler Myers.
0:59 of 2nd period - Deflect By Matt Calvert.
0:59 of 2nd period - Shot Misses the Net.
0:59 of 2nd period - Puck is out of play.
1:00 of 2nd period - John Mitchell wins face-off versus Christian Hanson in Monarchs zone.
1:07 of 2nd period - Snap shot by John Mitchell.
1:07 of 2nd period - Shot Misses the Net.
1:09 of 2nd period - Slapshot by Marc Methot.
1:09 of 2nd period - Shot Blocked by A.J Thelen.
1:11 of 2nd period - Backhand shot by Marc Methot.
1:11 of 2nd period - Stopped by Marek Schwarz with a rebound.
1:13 of 2nd period - Snap shot by Kyle Palmieri.
1:13 of 2nd period - Deflect By Craig Cunningham.
1:13 of 2nd period - Shot Misses the Net.
1:13 of 2nd period - Puck is out of play.
1:14 of 2nd period - Randy Robitaille wins face-off versus Zenon Konopka in Patriotes zone.
1:21 of 2nd period - Wrist shot by Justin Williams.
1:21 of 2nd period - Shot Blocked by Dwight King.
1:23 of 2nd period - Snap shot by Randy Robitaille.
1:23 of 2nd period - Shot Misses the Net.
1:25 of 2nd period - Snap shot by Mason Raymond.
1:25 of 2nd period - Shot Blocked by Ryan Wilson.
1:27 of 2nd period - Slapshot by Andrej Meszaros.
1:27 of 2nd period - Stopped by Marek Schwarz without a rebound.
1:28 of 2nd period - Randy Robitaille wins face-off versus Christian Hanson in Patriotes zone.
2:19 of 2nd period - Ryan White is hit by Kyle Palmieri and loses puck.
2:32 of 2nd period - Wrist shot by Ryan White.
2:32 of 2nd period - Stopped by Richard Bachman with a rebound.
2:48 of 2nd period - Christian Hanson is hit by John Zeiler.
2:54 of 2nd period - Slapshot by Tyler Myers.
2:54 of 2nd period - Stopped by Richard Bachman with a rebound.
3:25 of 2nd period - Wrist shot by John Zeiler.
3:25 of 2nd period - Stopped by Marek Schwarz without a rebound.
3:26 of 2nd period - Mikael Backlund wins face-off versus Christian Hanson in Patriotes zone.
3:52 of 2nd period - Off-side.
3:53 of 2nd period - Zenon Konopka wins face-off versus Randy Robitaille in neutral zone.
3:57 of 2nd period - Wrist shot by Dwight King.
3:57 of 2nd period - Shot Blocked by Theo Peckham.
3:59 of 2nd period - Snap shot by Andrew Gordon.
3:59 of 2nd period - Stopped by Richard Bachman without a rebound.
4:00 of 2nd period - Christian Hanson wins face-off versus Randy Robitaille in Monarchs zone.
4:47 of 2nd period - Wrist shot by John Mitchell.
4:47 of 2nd period - Goal by John Mitchell - Monarchs : 2 - Patriotes : 1.
4:48 of 2nd period - Christian Hanson wins face-off versus Randy Robitaille in neutral zone.
4:57 of 2nd period - A.J Thelen is hit by Mason Raymond.
5:14 of 2nd period - Kyle Clifford is hit by A.J Thelen and loses puck.
5:21 of 2nd period - Snap shot by Zenon Konopka.
5:21 of 2nd period - Shot Blocked by Theo Peckham.
5:41 of 2nd period - Snap shot by Matt Calvert.
5:41 of 2nd period - Stopped by Richard Bachman with a rebound.
5:43 of 2nd period - Wrist shot by Ryan White.
5:43 of 2nd period - Shot Blocked by Theo Peckham.
5:45 of 2nd period - Slapshot by Matt Calvert.
5:45 of 2nd period - Shot Blocked by Kyle Palmieri.
6:11 of 2nd period - Snap shot by Melker Karlsson.
6:11 of 2nd period - Shot Blocked by John Zeiler.
6:29 of 2nd period - Snap shot by Andrew Gordon.
6:29 of 2nd period - Shot Blocked by Andrej Meszaros.
6:31 of 2nd period - Snap shot by Zenon Konopka.
6:31 of 2nd period - Goal by Zenon Konopka - Monarchs : 2 - Patriotes : 2.
6:32 of 2nd period - Randy Robitaille wins face-off versus Christian Hanson in neutral zone.
6:37 of 2nd period - Brett Skinner is hit by Mason Raymond and loses puck.
6:45 of 2nd period - Ryan Wilson is hit by Andy Greene and loses puck.
7:04 of 2nd period - Snap shot by Zenon Konopka.
7:04 of 2nd period - Stopped by Richard Bachman without a rebound.
7:05 of 2nd period - Zenon Konopka wins face-off versus Mikael Backlund in Monarchs zone.
7:16 of 2nd period - Slapshot by Andrew Gordon.
7:16 of 2nd period - Shot Misses the Net.
7:18 of 2nd period - Wrist shot by Zenon Konopka.
7:18 of 2nd period - Stopped by Richard Bachman with a rebound.
7:20 of 2nd period - Slapshot by A.J Thelen.
7:20 of 2nd period - Shot Blocked by Alec Martinez.
7:35 of 2nd period - Tyler Myers is hit by Kyle Clifford and loses puck.
8:14 of 2nd period - Wrist shot by John Zeiler.
8:14 of 2nd period - Stopped by Marek Schwarz with a rebound.
8:16 of 2nd period - Snap shot by Mikael Backlund.
8:16 of 2nd period - Shot Misses the Net.
8:18 of 2nd period - Slapshot by Theo Peckham.
8:18 of 2nd period - Stopped by Marek Schwarz with a rebound.
8:24 of 2nd period - Snap shot by Kyle Clifford.
8:24 of 2nd period - Deflect By A.J Thelen.
8:24 of 2nd period - Shot Blocked by Tyler Myers.
8:24 of 2nd period - Puck is out of play.
8:25 of 2nd period - Randy Robitaille wins face-off versus Christian Hanson in Patriotes zone.
8:56 of 2nd period - Snap shot by Zenon Konopka.
8:56 of 2nd period - Deflect By Dwight King.
8:56 of 2nd period - Shot Misses the Net.
8:56 of 2nd period - Puck is out of play.
8:57 of 2nd period - John Mitchell wins face-off versus Zenon Konopka in Monarchs zone.
8:57 of 2nd period - John Mitchell is hit by Zenon Konopka.
9:14 of 2nd period - Snap shot by Craig Cunningham.
9:14 of 2nd period - Shot Blocked by Brett Skinner.
9:16 of 2nd period - Slapshot by Alec Martinez.
9:16 of 2nd period - Deflect By Ryan Wilson.
9:16 of 2nd period - Stopped by Marek Schwarz without a rebound.
9:17 of 2nd period - Randy Robitaille wins face-off versus Fedor Fedorov in Patriotes zone.
9:44 of 2nd period - Craig Cunningham is hit by Dwight King.
9:54 of 2nd period - Slapshot by Alec Martinez.
9:54 of 2nd period - Shot Misses the Net.
10:30 of 2nd period - Snap shot by Jordan Samuels-Thomas.
10:30 of 2nd period - Stopped by Richard Bachman without a rebound.
10:31 of 2nd period - John Mitchell wins face-off versus Christian Hanson in Monarchs zone.
11:05 of 2nd period - Dwight King is hit by Kyle Clifford and loses puck.
11:20 of 2nd period - Brett Skinner is hit by Justin Williams and loses puck.
11:39 of 2nd period - Slapshot by Ryan Wilson.
11:39 of 2nd period - Stopped by Richard Bachman with a rebound.
11:49 of 2nd period - Slapshot by Brett Skinner.
11:49 of 2nd period - Shot Blocked by Marc Methot.
12:23 of 2nd period - Snap shot by Zenon Konopka.
12:23 of 2nd period - Goal by Zenon Konopka - Monarchs : 2 - Patriotes : 3.
12:24 of 2nd period - Randy Robitaille wins face-off versus Christian Hanson in neutral zone.
12:54 of 2nd period - Snap shot by Mikael Backlund.
12:54 of 2nd period - Stopped by Marek Schwarz with a rebound.
12:56 of 2nd period - Slapshot by Alec Martinez.
12:56 of 2nd period - Goal by Alec Martinez - Monarchs : 3 - Patriotes : 3.
12:57 of 2nd period - Randy Robitaille wins face-off versus Christian Hanson in neutral zone.
13:45 of 2nd period - Slapshot by Andrew Gordon.
13:45 of 2nd period - Stopped by Richard Bachman with a rebound.
14:09 of 2nd period - Wrist shot by Kyle Clifford.
14:09 of 2nd period - Shot Misses the Net.
15:54 of 2nd period - Andrej Meszaros is hit by Dale Weise and loses puck.
16:56 of 2nd period - Snap shot by Andrew Gordon.
16:56 of 2nd period - Shot Blocked by Alec Martinez.
16:58 of 2nd period - Snap shot by Dwight King.
16:58 of 2nd period - Shot Blocked by Theo Peckham.
17:00 of 2nd period - Snap shot by Andrew Gordon.
17:00 of 2nd period - Shot Misses the Net.
17:02 of 2nd period - Snap shot by Zenon Konopka.
17:02 of 2nd period - Shot Misses the Net.
17:41 of 2nd period - Wrist shot by Kyle Palmieri.
17:41 of 2nd period - Stopped by Marek Schwarz with a rebound.
17:43 of 2nd period - Slapshot by Craig Cunningham.
17:43 of 2nd period - Goal by Craig Cunningham - Monarchs : 4 - Patriotes : 3.
17:44 of 2nd period - Andreas Nodl wins face-off versus Mikael Backlund in neutral zone.
17:51 of 2nd period - Slapshot by Andreas Nodl.
17:51 of 2nd period - Goal by Andreas Nodl - Monarchs : 4 - Patriotes : 4.
17:52 of 2nd period - Christian Hanson wins face-off versus Randy Robitaille in neutral zone.
18:07 of 2nd period - Slapshot by Justin Williams.
18:07 of 2nd period - Deflect By A.J Thelen.
18:07 of 2nd period - Shot Misses the Net.
18:07 of 2nd period - Puck is out of play.
18:08 of 2nd period - Zenon Konopka wins face-off versus Mikael Backlund in Patriotes zone.
18:42 of 2nd period - Backhand shot by Andrej Meszaros.
18:42 of 2nd period - Deflect By Zenon Konopka.
18:42 of 2nd period - Stopped by Marek Schwarz without a rebound.
18:43 of 2nd period - Christian Hanson wins face-off versus Randy Robitaille in Patriotes zone.
18:55 of 2nd period - Icing by Derek Peltier.
18:56 of 2nd period - Christian Hanson wins face-off versus Randy Robitaille in Monarchs zone.
19:01 of 2nd period - Wrist shot by Christian Hanson.
19:01 of 2nd period - Stopped by Richard Bachman with a rebound.
19:03 of 2nd period - Snap shot by Christian Hanson.
19:03 of 2nd period - Deflect By Fedor Fedorov.
19:03 of 2nd period - Stopped by Richard Bachman with a rebound.
19:09 of 2nd period - Slapshot by Derek Peltier.
19:09 of 2nd period - Shot Blocked by Tyler Myers.
19:23 of 2nd period - Wrist shot by John Zeiler.
19:23 of 2nd period - Stopped by Marek Schwarz without a rebound.
19:24 of 2nd period - Mikael Backlund wins face-off versus Zenon Konopka in Patriotes zone.
19:35 of 2nd period - Slapshot by Mikael Backlund.
19:35 of 2nd period - Goal by Mikael Backlund - Monarchs : 5 - Patriotes : 4.
19:36 of 2nd period - Randy Robitaille wins face-off versus Christian Hanson in neutral zone.
19:45 of 2nd period - Randy Robitaille is hit by Andreas Nodl and loses puck.
Goals for this period are 4 for Monarchs vs 3 for Patriotes.
Shots for this period are 14 for Monarchs vs 14 for Patriotes.
3rd period
0:01 of 3rd period - Randy Robitaille wins face-off versus Christian Hanson in neutral zone.
0:04 of 3rd period - Slapshot by Andrej Meszaros.
0:04 of 3rd period - Stopped by Marek Schwarz with a rebound.
0:10 of 3rd period - Randy Robitaille is hit by Fedor Fedorov and loses puck.
0:27 of 3rd period - Tyler Myers is hit by John Zeiler and loses puck.
0:43 of 3rd period - Icing by Kyle Clifford.
0:44 of 3rd period - Ryan White wins face-off versus Kyle Clifford in Monarchs zone.
0:49 of 3rd period - Snap shot by Fedor Fedorov.
0:49 of 3rd period - Shot Misses the Net.
1:59 of 3rd period - Slapshot by Alec Martinez.
1:59 of 3rd period - Shot Misses the Net.
2:01 of 3rd period - Slapshot by Alec Martinez.
2:01 of 3rd period - Stopped by Marek Schwarz with a rebound.
2:03 of 3rd period - Slapshot by Alec Martinez.
2:03 of 3rd period - Stopped by Marek Schwarz with a rebound.
2:05 of 3rd period - Snap shot by John Zeiler.
2:05 of 3rd period - Stopped by Marek Schwarz with a rebound.
2:07 of 3rd period - Snap shot by Mikael Backlund.
2:07 of 3rd period - Stopped by Marek Schwarz without a rebound.
2:08 of 3rd period - Zenon Konopka wins face-off versus Randy Robitaille in Patriotes zone.
2:13 of 3rd period - Wrist shot by Dwight King.
2:13 of 3rd period - Shot Blocked by Andrej Meszaros.
2:19 of 3rd period - Slapshot by Dwight King.
2:19 of 3rd period - Shot Misses the Net.
2:33 of 3rd period - Kyle Palmieri is hit by Tyler Myers and loses puck.
2:57 of 3rd period - Snap shot by Justin Williams.
2:57 of 3rd period - Shot Misses the Net.
5:05 of 3rd period - Anthony Bitetto is hit by Mikael Backlund and loses puck.
5:49 of 3rd period - Snap shot by Dwight King.
5:49 of 3rd period - Shot Blocked by Derek Peltier.
5:51 of 3rd period - Snap shot by Andrew Gordon.
5:51 of 3rd period - Shot Hit the Post.
5:57 of 3rd period - Minor Penalty to Derek Peltier for Goalie Interference.
5:58 of 3rd period - Christian Hanson wins face-off versus Justin Williams in Monarchs zone.
6:13 of 3rd period - Slapshot by Andreas Nodl.
6:13 of 3rd period - Goal by Andreas Nodl - Monarchs : 5 - Patriotes : 5.
6:14 of 3rd period - Fedor Fedorov wins face-off versus Randy Robitaille in neutral zone.
7:08 of 3rd period - Slapshot by John Mitchell.
7:08 of 3rd period - Stopped by Marek Schwarz with a rebound.
7:20 of 3rd period - Slapshot by Alec Martinez.
7:20 of 3rd period - Shot Misses the Net.
7:22 of 3rd period - Slapshot by Justin Williams.
7:22 of 3rd period - Deflect By Marek Zagrapan.
7:22 of 3rd period - Stopped by Marek Schwarz with a rebound.
7:24 of 3rd period - Wrist shot by Marek Zagrapan.
7:24 of 3rd period - Shot Misses the Net.
7:26 of 3rd period - Slapshot by Andy Greene.
7:26 of 3rd period - Stopped by Marek Schwarz with a rebound.
8:19 of 3rd period - Slapshot by Kyle Clifford.
8:19 of 3rd period - Stopped by Marek Schwarz with a rebound.
8:21 of 3rd period - Wrist shot by Derek Peltier.
8:21 of 3rd period - Shot Blocked by Jordan Samuels-Thomas.
8:54 of 3rd period - Wrist shot by Melker Karlsson.
8:54 of 3rd period - Stopped by Richard Bachman with a rebound.
8:56 of 3rd period - Slapshot by A.J Thelen.
8:56 of 3rd period - Stopped by Richard Bachman with a rebound.
12:02 of 3rd period - Minor Penalty to Zac Rinaldo for Hooking.
12:03 of 3rd period - Justin Williams wins face-off versus Christian Hanson in Monarchs zone.
12:15 of 3rd period - Wrist shot by Andreas Nodl.
12:15 of 3rd period - Shot Misses the Net.
12:17 of 3rd period - Slapshot by Fedor Fedorov.
12:17 of 3rd period - Stopped by Richard Bachman with a rebound.
14:02 of 3rd period - Penalty to Zac Rinaldo is over, Zac Rinaldo is back on ice.
14:16 of 3rd period - Slapshot by Kyle Palmieri.
14:16 of 3rd period - Shot Blocked by Joe Charlebois.
14:18 of 3rd period - Slapshot by Theo Peckham.
14:18 of 3rd period - Stopped by Marek Schwarz without a rebound.
14:19 of 3rd period - Kyle Palmieri wins face-off versus Ryan White in Patriotes zone.
14:44 of 3rd period - A.J Thelen is hit by John Mitchell and loses puck.
15:17 of 3rd period - Snap shot by Ryan White.
15:17 of 3rd period - Stopped by Richard Bachman without a rebound.
15:18 of 3rd period - Christian Hanson wins face-off versus Randy Robitaille in Monarchs zone.
15:33 of 3rd period - Snap shot by Andreas Nodl.
15:33 of 3rd period - Stopped by Richard Bachman without a rebound.
15:34 of 3rd period - Mikael Backlund wins face-off versus Dwight King in Monarchs zone.
15:45 of 3rd period - Marc Methot is hit by Dwight King and loses puck.
16:35 of 3rd period - Justin Williams is hit by Andrew Gordon.
16:51 of 3rd period - John Zeiler is hit by Andreas Nodl and loses puck.
17:10 of 3rd period - Snap shot by Tyler Myers.
17:10 of 3rd period - Stopped by Richard Bachman without a rebound.
17:11 of 3rd period - Jordan Samuels-Thomas wins face-off versus Randy Robitaille in Monarchs zone.
17:20 of 3rd period - Slapshot by Melker Karlsson.
17:20 of 3rd period - Stopped by Richard Bachman with a rebound.
17:38 of 3rd period - Theo Peckham is hit by A.J Thelen.
19:24 of 3rd period - Marc Methot is hit by Andreas Nodl and loses puck.
Goals for this period are 0 for Monarchs vs 1 for Patriotes.
Shots for this period are 10 for Monarchs vs 8 for Patriotes.
Overtime #1
0:01 of 1st overtime period - Andreas Nodl wins face-off versus Justin Williams in neutral zone.
0:09 of 1st overtime period - Slapshot by Andrej Meszaros.
0:09 of 1st overtime period - Stopped by Marek Schwarz without a rebound.
0:10 of 1st overtime period - Andrew Gordon wins face-off versus Justin Williams in Patriotes zone.
0:23 of 1st overtime period - Slapshot by Andy Greene.
0:23 of 1st overtime period - Goal by Andy Greene - Monarchs : 6 - Patriotes : 5.
Goals for this period are 1 for Monarchs vs 0 for Patriotes.
Shots for this period are 2 for Monarchs vs 0 for Patriotes.
Back to the Top